 Dungeon Crawl Stone Soup version 0.24.0-13-gcf9b319 (webtiles) character file.

Game seed: 16532460259629106549, levelgen mode: deterministic

303 Fang the Skirmisher (level 6, -3/39 HPs)
             Began as a Gargoyle Berserker on Nov 13, 2019.
             Was a Priest of Trog.
             Killed by divine providence
             ... invoked by an orc priest
              (12 damage)
             ... on level 4 of the Dungeon.
             The game lasted 00:02:45 (2328 turns).

Fang the Skirmisher (Gargoyle Berserker)            Turns: 2328, Time: 00:02:45

Health: -3/39      AC:  6    Str: 22    XL:     6   Next: 38%
Magic:  6/6        EV: 12    Int:  8    God:    Trog [***...]
Gold:   129        SH:  0    Dex:  9    Spells: 5/5 levels left

rFire    . . .     SeeInvis .   a - +0 hand axe
rCold    . . .     Gourm    .   (no shield)
rNeg     + . .     Faith    .   b - +0 animal skin
rPois    ∞         Spirit   .   (no helmet)
rElec    +         Reflect  .   (no cloak)
rCorr    .         Harm     .   (no gloves)
MR       ++...                  (no boots)
Stlth    +.........             (no amulet)
HPRegen  1.13/turn              (no ring)
MPRegen  0.10/turn              (no ring)

@: berserk cooldown, regenerating
A: negative energy resistance 1, electricity resistance, unbreathing,
petrification resistance, rot immunity, AC +4
a: Berserk, Trog's Hand, Renounce Religion


You were on level 4 of the Dungeon.
You worshipped Trog.
Trog was most pleased with you.
You were not hungry.

You visited 1 branch of the dungeon, and saw 4 of its levels.

You collected 129 gold pieces.

Inventory:

Hand Weapons
 a - a +0 hand axe (weapon)
Armour
 b - a +0 animal skin (worn)
Scrolls
 e - 3 scrolls of identify {unknown}
 g - a scroll of amnesia {unknown}
 h - 2 scrolls of remove curse {unknown}
 i - a scroll of random uselessness {unknown}
 j - a scroll of fog {unknown}
Potions
 f - 2 potions of haste {unknown}
 k - a potion of degeneration {unknown}
 l - a potion of curing {unknown}
Comestibles
 c - 5 rations
 d - 3 chunks of flesh


   Skills:
 + Level 4.7 Fighting
 + Level 3.9 Axes
 + Level 4.0 Armour
 + Level 3.0 Dodging


You had 5 spell levels left.
You didn't know any spells.
Your spell library was empty.

Dungeon Overview and Level Annotations

Branches:
Dungeon (4/15)
 Temple: D:4-7

Altars:
Fedhas
Gozag
Zin


Innate Abilities, Weirdness & Mutations

You are resistant to torment.
Your stone body is resilient. (AC +4)
You are immune to poison.
You resist negative energy. (rN+)
You are resistant to electric shocks. (rElec)
You can survive without breathing.
You are immune to petrification.
You are immune to rotting.


Message History

You are too injured to fight recklessly!
You are too injured to fight recklessly!
You are too injured to fight recklessly!
You are too injured to fight recklessly!
You are too injured to fight recklessly!
Your skin crawls.
You feel resistant to hostile enchantments.
You feel somewhat more hungry.
The worker ant twitches its antennae in your direction.
The orc barely misses you.
An orc comes into view. It is wielding a +0 flail.
The orc wizard hits you with a +0 dagger.
Things that are here:
a +0 short sword; an orc corpse The orc priest mumbles some strange prayers to Beogh against you.
Beogh smites you!
* * * LOW HITPOINT WARNING * * *
The orc priest invokes the aid of Beogh against you.
Beogh smites you!
You die...

........#.#....#
#........#...#
.#.....÷......##.
.......)[).......
......o.)o.......
.......oo.a...!..
.>...............
....!..........#.
..#####.@.#......
.. ##.#######.
#.# ... #.. ###.
. ##


You could see a worker ant, an orc priest, an orc wizard and 2 orcs.

Vanquished Creatures
  The ghost of chudichudichudi the Skirmisher, an amateur GrFi (D:3)
  An orc priest (D:4)
  A worker ant (D:3)
  Robin (D:2)
  7 adders
  2 worms (D:2)
  A dart slug (D:1)
  3 leopard geckos
  7 orcs
  3 giant cockroaches
  17 goblins
  13 hobgoblins
  3 jackals (D:3)
  6 bats
  8 frilled lizards
  5 kobolds
  A leopard gecko skeleton (D:3)
  9 rats
89 creatures vanquished.

Notes
Turn   | Place    | Note
-------+----------+-------------------------------------------
     0 | D:1      | Fang the Gargoyle Berserker began the quest for the Orb.
     0 | D:1      | Reached XP level 1. HP: 14/14 MP: 1/1
    66 | D:1      | Reached XP level 2. HP: 17/19 MP: 2/2
   207 | D:1      | Reached ** piety under Trog
   216 | D:1      | Reached XP level 3. HP: 21/23 MP: 3/3
   742 | D:2      | Noticed Robin
   746 | D:2      | Reached XP level 4. HP: 29/29 MP: 4/4
   752 | D:2      | Killed Robin
   899 | D:2      | Found a blossoming altar of Fedhas.
   904 | D:2      | Found an opulent altar of Gozag.
  1191 | D:2      | Reached *** piety under Trog
  1368 | D:2      | Reached XP level 5. HP: 33/33 MP: 5/5
  1468 | D:3      | Found a runed translucent gate.
  1473 | D:3      | Found a runed translucent gate.
  1476 | D:3      | Found a runed translucent gate.
  1484 | D:3      | Noticed chudichudichudi's ghost (amateur GrFi)
  1653 | D:3      | Killed chudichudichudi's ghost
  1653 | D:3      | Reached XP level 6. HP: 32/39 MP: 6/6
  1788 | D:3      | Found a glowing silver altar of Zin.
  2328 | D:4      | Killed from afar by an orc priest

Levels and vault maps discovered:
D:1:      tarquinn_simple_flora_water_d, layout_basic, minmay_hexomino_p4
D:2:      layout_loops_corners, grunt_temple_overflow_open, first_ration,
          uniq_robin
D:3:      layout_loops_ring, zin_academy, ebering_ghost_rock_garden,
          minmay_distorted
D:4:      layout_rooms, uniq_blork_the_orc

Skill      XL: |  1  2  3  4  5  6 |
---------------+-------------------+-----
Axes           | 3 |  3.9
Dodging        | 2 3 |  3.0
Armour         | 3 4 |  4.0
Fighting       | 4 |  4.7

Action                   |  1- 3 |  4- 6 || total
-------------------------+-------+-------++-------
Melee: Hand axe          |   116 |   221 ||   337
Invok: Berserk           |     1 |     2 ||     3
       Trog's Hand       |       |     1 ||     1
 Stab: Sleeping          |     1 |       ||     1
  Eat: Chunk             |       |     8 ||     8
Armor: Animal skin       |    44 |    75 ||   119
Dodge: Dodged            |    70 |   135 ||   205
